 Dungeon Crawl Stone Soup version 0.23.2-30-g0e89c35649 (webtiles) character file.

Game seed: 17373982225092727970

8868 funkygono the Thaumaturge (level 11, -8/83 HPs)
             Began as a Yellow Draconian Conjurer on June 22, 2019.
             Was a Priest of Vehumet.
             Mangled by a seven-headed hydra (16 damage)
             ... on level 1 of the Lair of Beasts.
             The game lasted 00:40:18 (13763 turns).

funkygono the Thaumaturge (DrCj)                   Turns: 13763, Time: 00:40:18

Health: -8/83      AC: 11    Str: 11    XL:     11   Next: 15%
Magic:  6/25       EV: 15    Int: 18    God:    Vehumet [***...]
Gold:   628        SH:  0    Dex: 15    Spells: 19/31 levels left

rFire    . . .     SeeInvis .   a - +1 whip
rCold    . . .     Gourm    .   (no shield)
rNeg     + . .     Faith    .   (armour unavailable)
rPois    .         Spirit   .   l - +2 hat
rElec    .         Reflect  .   D - scarf {repulsion}
rCorr    +         Harm     .   x - +1 pair of gloves
MR       .....                  (no boots)
Stlth    +++.......             z - amulet of the acrobat
HPRegen  0.23/turn              j - +3 ring of dexterity
MPRegen  0.19/turn              F - ring of positive energy

@: repel missiles
A: spit acid, unfitting armour, cold-blooded, acid resistance, AC +7
a: Breathe Acid, Renounce Religion


You were on level 1 of the Lair of Beasts.
You worshipped Vehumet.
Vehumet was most pleased with you.
You were not hungry.

You visited 3 branches of the dungeon, and saw 12 of its levels.

You collected 628 gold pieces.

Inventory:

Hand Weapons
 a - a +1 whip (weapon)
 s - a +0 mace of protection
Missiles
 g - 324 stones (quivered)
Armour
 h - a scarf of resistance
 l - a +2 hat (worn)
 m - a +0 buckler
 t - a +0 cloak
 x - a +1 pair of gloves (worn)
 D - a scarf of repulsion (worn)
Jewellery
 e - an uncursed amulet of guardian spirit
 j - a +3 ring of dexterity (left hand)
 z - an amulet of the acrobat (around neck)
 F - a ring of positive energy (right hand)
 I - a +4 amulet of reflection
 J - an uncursed ring of positive energy
Wands
 c - a wand of digging (6)
 d - a wand of flame (10)
 C - a wand of disintegration (16)
 H - a wand of clouds (6)
Scrolls
 n - 3 scrolls of blinking
 q - a scroll of magic mapping
 r - 4 scrolls of teleportation
 u - 2 scrolls of identify
 y - a scroll of fear
 B - 4 scrolls of remove curse
 G - a scroll of amnesia
 K - a scroll of fog
Potions
 f - 4 potions of agility
 i - a potion of brilliance
 k - 5 potions of curing
 o - 3 potions of mutation
 p - a potion of heal wounds
 v - a potion of flight
 w - 2 potions of berserk rage
 A - a potion of haste {unknown}
 E - a potion of resistance
Comestibles
 b - 13 rations


   Skills:
 + Level 3.7 Fighting
 + Level 3.4 Maces & Flails
 + Level 5.2 Dodging
 + Level 4.1 Stealth
 * Level 1.6 Shields
 + Level 10.8 Spellcasting
 + Level 8.9 Conjurations
 + Level 0.8 Hexes
 + Level 5.0 Fire Magic
 + Level 1.2 Earth Magic


You had 19 spell levels left.
You knew the following spells:

 Your Spells              Type           Power        Failure   Level  Hunger
a - Magic Dart            Conj           ####         1%          1    None
b - Searing Ray           Conj           #####.       1%          2    None
c - Dazzling Spray        Conj/Hex       ####..       1%          3    None
d - Flame Tongue          Conj/Fire      ####.        1%          1    None
e - Throw Flame           Conj/Fire      ####..       1%          2    None
f - Stone Arrow           Conj/Erth      ####..       1%          3    None

Your spell library contained the following spells:

 Spells                   Type           Power        Failure   Level  Hunger
 Conjure Flame            Conj/Fire      ####....     1%          3    None
 Inner Flame              Hex/Fire       ###.....     1%          3    None
 Iskenderun's Mystic Bla  Conj           #####...     1%          4    ##.....
 Fulminant Prism          Conj/Hex       ####......   2%          4    ##.....
 Force Lance              Conj/Tloc      ####....     3%          4    ##.....
 Confusing Touch          Hex            ##....       5%          1    None
 Corona                   Hex            ##.....      5%          1    None
 Slow                     Hex            ##......     8%          2    None
 Confuse                  Hex            ##......     16%         3    None
 Portal Projectile        Hex/Tloc       ##....       19%         3    None
 Gell's Gravitas          Tloc           #.........   22%         3    None
 Yara's Violent Unravell  Hex/Tmut       ##........   38%         5    #####..
 Leda's Liquefaction      Hex/Erth       ##........   43%         4    ##.....
 Cause Fear               Hex            ##........   45%         4    ##.....
 Petrify                  Tmut/Erth      ##......     50%         4    ##.....
 Metabolic Englaciation   Hex/Ice        ##........   86%         5    #####..


Dungeon Overview and Level Annotations

Branches:
Dungeon (10/15)            Temple (1/1) D:5            Lair (1/6) D:10
    Orc (0/2) D:10

Altars:
Ashenzari
Cheibriados
Dithmenos
Elyvilon
Fedhas
Gozag
Hepliaklqana
Kikubaaqudgha
Makhleb
Nemelex Xobeh
Okawaru
Qazlal
Ru
Sif Muna
Trog
Uskayaw
Vehumet
Wu Jian
Xom
Yredelemnul
Zin
The Shining One

Shops:
D:9 %

Annotations:
D:4 1 runed translucent door


Innate Abilities, Weirdness & Mutations

You can spit globs of acid.
Your golden yellow scales are hard. (AC +7)
You cannot fit into any form of body armour.
You are cold-blooded and may be slowed by cold attacks.
You are resistant to acid. (rCorr)


Message History

The seven-headed hydra barely misses you.
The seven-headed hydra closely misses you.
The seven-headed hydra bites you!
The searing ray hits the seven-headed hydra!
The seven-headed hydra is heavily wounded.
The seven-headed hydra completely misses you. x2
The seven-headed hydra closely misses you.
The seven-headed hydra completely misses you.
The seven-headed hydra bites you!
* * * LOW HITPOINT WARNING * * *
The seven-headed hydra closely misses you. x2
You feel much better. The seven-headed hydra bites you!
* * * LOW HITPOINT WARNING * * *
The seven-headed hydra bites you!
* * * LOW HITPOINT WARNING * * *
The seven-headed hydra barely misses you.
The seven-headed hydra bites you!
* * * LOW HITPOINT WARNING * * *
The seven-headed hydra bites you!
You die...

........# .# ........#
########.##
........####.........# .
........'.##........##..
........#...............
........##............>.
##..+##P##.+........#.
##..#######........#
##.## ##+##@#.## #.+.###
#..D##### ##.....#
#.#+.##.## #......#
#....D...### .+.....#
+....)..'..# ##.....P#
#.......##..# #.....##
#.......# ..... #.....+
#.......# ..+....
#>....# #.......# ###
...


You could see a seven-headed hydra.

Vanquished Creatures
  A two-headed ogre (D:8)
  2 unseen horrors (D:10)
  A spiny frog (Lair:1)
  A troll (D:9)
  2 hippogriffs (D:9)
  A spriggan (D:7)
  A wyvern (D:9)
  Eustachio (D:6)
  A water moccasin (Lair:1)
  Duvessa (D:5)
  6 orc warriors
  3 porcupines
  A sky beast (D:6)
  A hornet zombie (D:8)
  3 ice beasts
  A black bear (D:10)
  5 ogres
  2 necrophages
  2 phantoms
  5 centaurs
  A crocodile (D:10)
  A big kobold (D:10)
  10 bullfrogs
  Dowan (D:5)
  4 scorpions
  15 killer bees
  4 wights (D:6)
  4 howler monkeys
  A crimson imp (D:9)
  3 jellies
  9 orc priests
  2 hounds
  9 orc wizards
  An iguana (D:8)
  4 worker ants
  A hound skeleton (D:4)
  A mummy (D:6)
  Robin (D:2)
  11 adders
  An ooze (D:4)
  An adder zombie (D:5)
  An adder skeleton (D:9)
  2 worms
  2 dart slugs
  5 leopard geckos
  34 orcs
  3 ball pythons
  5 bats
  4 giant cockroaches
  8 goblins
  10 hobgoblins
  10 jackals
  14 kobolds
  A quokka (D:4)
  3 frilled lizards
  2 hobgoblin zombies (D:6)
  A jackal skeleton (D:5)
  3 rats
234 creatures vanquished.

Vanquished Creatures (others)
  An adder (D:7)
  3 fungi (D:10)
4 creatures vanquished.

Grand Total: 238 creatures vanquished

Notes
Turn   | Place    | Note
-------+----------+-------------------------------------------
     0 | D:1      | funkygono the Draconian Conjurer began the quest for the
                  | Orb.
     0 | D:1      | Reached XP level 1. HP: 14/14 MP: 3/3
   450 | D:1      | Reached XP level 2. HP: 20/20 MP: 0/5
   513 | D:1      | Learned a level 2 spell: Searing Ray
  1205 | D:2      | Reached XP level 3. HP: 26/26 MP: 2/7
  1356 | D:2      | Reached skill level 3 in Spellcasting
  1408 | D:2      | Noticed Robin
  1430 | D:2      | Killed Robin
  1918 | D:2      | Reached XP level 4. HP: 33/33 MP: 5/8
  1930 | D:2      | Learned a level 3 spell: Dazzling Spray
  2671 | D:3      | Reached skill level 1 in Maces & Flails
  3091 | D:3      | Reached XP level 5. HP: 37/39 MP: 0/10
  3300 | D:4      | Reached skill level 1 in Fighting
  3300 | D:4      | Reached skill level 4 in Spellcasting
  3520 | D:4      | Reached skill level 5 in Conjurations
  3520 | D:4      | Reached XP level 6. HP: 46/47 MP: 4/12
  3804 | D:4      | Found a white marble altar of Elyvilon.
  3804 | D:4      | Found a runed translucent door.
  3804 | D:4      | Noticed an angel
  4544 | D:5      | Entered Level 5 of the Dungeon
  4555 | D:5      | Reached skill level 5 in Spellcasting
  4555 | D:5      | Your scales start taking on a golden yellow colour.
  4555 | D:5      | Reached XP level 7. HP: 45/51 MP: 2/14
  4555 | D:5      | Gained mutation: You are resistant to acid. (rCorr) [Yellow
                  | Draconian growth]
  4656 | D:5      | Found a staircase to the Ecumenical Temple.
  4665 | Temple   | Entered the Ecumenical Temple
  4965 | Temple   | Became a worshipper of Vehumet
  5148 | D:5      | Noticed Duvessa
  5151 | D:5      | Noticed Dowan
  5176 | D:5      | Killed Duvessa
  5191 | D:5      | Killed Dowan
  5932 | D:6      | Found a sand-covered staircase.
  6266 | D:6      | Reached skill level 6 in Spellcasting
  6377 | D:6      | Reached XP level 8. HP: 61/61 MP: 10/17
  6656 | D:6      | You fall through a shaft for 3 floors!
  6751 | D:9      | Found Juntuinn's Food Boutique.
  6901 | D:9      | Noticed a hippogriff
  6908 | D:9      | Killed a hippogriff
  6908 | D:9      | Reached * piety under Vehumet
  6908 | D:9      | Offered knowledge of Flame Tongue by Vehumet.
  6908 | D:9      | Reached skill level 7 in Spellcasting
  6961 | D:9      | Learned a level 1 spell: Flame Tongue
  7082 | D:9      | Reached skill level 1 in Fire Magic
  7300 | D:9      | Reached XP level 9. HP: 69/69 MP: 14/20
  7743 | D:7      | Reached skill level 8 in Spellcasting
  8392 | D:6      | Found a stormy altar of Qazlal.
  8774 | D:6      | Noticed Eustachio
  8793 | D:6      | Killed Eustachio
  9645 | D:8      | Offered knowledge of Throw Flame by Vehumet.
  9654 | D:8      | Reached ** piety under Vehumet
  9663 | D:8      | Reached skill level 9 in Spellcasting
  9926 | D:7      | Learned a level 2 spell: Throw Flame
  9940 | D:8      | Reached XP level 10. HP: 60/77 MP: 14/23
 10329 | D:8      | Found a blossoming altar of Fedhas.
 10330 | D:8      | Found an ornate altar of the Wu Jian Council.
 10425 | D:8      | Found an opulent altar of Gozag.
 10425 | D:8      | Found a sacrificial altar of Ru.
 10519 | D:8      | Noticed a two-headed ogre
 10533 | D:8      | Killed a two-headed ogre
 10904 | D:9      | Offered knowledge of Stone Arrow by Vehumet.
 10918 | D:9      | Learned a level 3 spell: Stone Arrow
 11593 | D:9      | Reached skill level 10 in Spellcasting
 11718 | D:10     | Entered Level 10 of the Dungeon
 11873 | D:10     | Reached *** piety under Vehumet
 12109 | D:10     | Found a staircase to the Orcish Mines.
 12355 | D:10     | Killed an unseen horror
 12355 | D:10     | Reached skill level 5 in Dodging
 12355 | D:10     | Reached skill level 1 in Earth Magic
 12689 | D:10     | Offered knowledge of Conjure Flame by Vehumet.
 12826 | D:10     | Killed an unseen horror
 12826 | D:10     | Reached skill level 1 in Shields
 12826 | D:10     | Reached XP level 11. HP: 21/83 MP: 14/25
 13313 | D:10     | Found a staircase to the Lair.
 13435 | Lair:1   | Entered Level 1 of the Lair of Beasts
 13746 | Lair:1   | Noticed a seven-headed hydra
 13750 | Lair:1   | Reached skill level 5 in Fire Magic
 13763 | Lair:1   | Mangled by a seven-headed hydra

Skill      XL: |  1  2  3  4  5  6  7  8  9 10 11 |
---------------+----------------------------------+-----
Spellcasting   | 3 4 5 6 7 9 10 | 10.8
Dodging        | 2 3 4 5 |  5.2
Maces & Flails | 1 2 3 |  3.4
Stealth        | 2 3 4 |  4.1
Fighting       | 1 2 3 |  3.7
Conjurations   | 5 6 7 8 |  8.9
Fire Magic     | 1 3 4 5 |  5.0
Earth Magic    | 1 |  1.2
Shields        | 1 |  1.6
Hexes          | |  0.8

Action                   |  1- 3 |  4- 6 |  7- 9 | 10-12 || total
-------------------------+-------+-------+-------+-------++-------
Melee: Whip              |    42 |    27 |   117 |    42 ||   228
       Tailslap          |     6 |     1 |    16 |     7 ||    30
 Cast: Magic Dart        |    52 |    77 |   183 |    94 ||   406
       Searing Ray       |     4 |    19 |    49 |    28 ||   100
       Dazzling Spray    |       |       |     6 |     7 ||    13
       Flame Tongue      |       |       |     3 |    11 ||    14
       Throw Flame       |       |       |       |    70 ||    70
       Stone Arrow       |       |       |       |    21 ||    21
 Abil: Breathe Acid      |       |       |     5 |     1 ||     6
  Use: Scroll            |     2 |    10 |    10 |     2 ||    24
       Potion            |     1 |       |     2 |     1 ||     4
  Eat: Chunk             |     4 |     5 |    10 |     9 ||    28
       Ration            |       |     1 |     2 |     1 ||     4
Armor: Skin              |     8 |    12 |    72 |    55 ||   147
Dodge: Dodged            |    34 |    34 |   257 |   216 ||   541
       Deflected         |       |       |       |     7 ||     7
